 Dungeon Crawl Stone Soup version 0.31-a0-1074-g0b22e4e0f1 (webtiles) character file.

Game seed: 16518758597494106856

503 BigPumpCobain the Ruffian (level 6, -4/93 HPs)
             Began as a Troll Shapeshifter on Dec 5, 2023.
             Killed by divine providence
             ... invoked by an orc priest
              (14 damage)
             ... on level 5 of the Dungeon.
             The game lasted 00:04:25 (2922 turns).

BigPumpCobain the Ruffian (Troll Shapeshifter)      Turns: 2922, Time: 00:04:27

Health: -4/93      AC: 23    Str: 25    XL:     6   Next: 96%
Magic:  5/5        EV:  1    Int:  6    God:
Gold:   216        SH:  0    Dex:  9    Spells: 5/5 levels left

rFire   . .          .
                       - Unarmed
rCold   . . .        (no shield)
rNeg    . . .        a - melded +0 animal skin
rPois   +            (helmet currently unavailable)
rElec   .            (cloak currently unavailable)
rCorr   .            (gloves unavailable)
SInv    .            (boots unavailable)
Will    .....        (no amulet)
Stlth   +            (no ring)
HPRegen 1.15/turn    (no ring)
MPRegen 0.09/turn

%: no passive effects
@: tree-form
A: stationary, stasis, torment immunity, boosted hp, large, unfitting armour,
(claws 3), regeneration 1, (shaggy fur 1), (tough skin 1)
a: no special abilities


You were on level 5 of the Dungeon.
You were a tree.
You visited 1 branch of the dungeon, and saw 5 of its levels.

You collected 216 gold pieces.

Inventory:

Missiles
 r - 2 throwing nets
Armour
 a - a +0 animal skin (melded)
Jewellery
 g - a ring of wizardry
 s - an amulet of reflection
 x - a ring of see invisible
Talismans
 c - a beast talisman
 d - a flux talisman
Scrolls
 e - a scroll of fear {unknown}
 f - a scroll of vulnerability {unknown}
 h - a scroll of immolation {unknown}
 k - a scroll of torment {unknown}
 m - a scroll of enchant armour {unknown}
 n - a scroll of enchant weapon {unknown}
 p - a scroll of poison {unknown}
 q - 4 scrolls of identify {unknown}
 v - a scroll of teleportation {unknown}
 w - a scroll of revelation {unknown}
 y - a scroll of amnesia {unknown}
Potions
 i - a potion of mutation {unknown}
 j - a potion of degeneration {unknown}
 l - a potion of brilliance {unknown}
 o - a potion of berserk rage {unknown}
 t - 2 potions of attraction {unknown}
 u - a potion of enlightenment {unknown}
 z - a potion of heal wounds {unknown}


   Skills:
 + Level 4.2 Fighting
 - Level 1.5 Dodging
 + Level 6.0 Unarmed Combat
 - Level 3.0 Shapeshifting


You had 5 spell levels left.
You didn't know any spells.
Your spell library was empty.

Dungeon Overview and Level Annotations

Branches:
Dungeon (5/15)
 Temple: D:4-7

Altars:
Fedhas
Kikubaaqudgha
The Shining One


Innate Abilities, Weirdness & Mutations

You are a tree.
Your roots penetrate the ground, keeping you stationary.
You cannot be teleported.
You are immune to unholy pain and torment.
Your maximum health is greatly increased.
Your equipment is partially melded.
You are too large for most types of armour.
((You have claws for hands.))
Your natural rate of healing is unusually fast.
((You are covered in fur. (AC +1)))
((You have tough skin. (AC +1)))


Message History

* * * LOW HITPOINT WARNING * * *
The orc priest barely misses you.
Items here: $ ) / †.
You scratch something.
You hear some strange, mumbled words.
You are more confused.
The orc priest barely misses you. Something hits you.
* * * LOW HITPOINT WARNING * * *
You completely miss the orc priest.
The orc priest is moderately wounded.
Something hits you.
* * * LOW HITPOINT WARNING * * *
The orc priest barely misses you.
Your transformation has ended.
You turn into a tree.
Your +0 animal skin melds into your body.
Your roots penetrate the ground.
Something hits you but does no damage.
The orc priest hits you but does no damage.
You swing at nothing.
You hear some strange, mumbled words.
Something tries to affect you, but you resist.
You smack the orc priest!
The orc priest is almost dead.
The orc priest hits you but does no damage.
You barely miss the orc priest.
The orc priest is almost dead.
Something hits you but does no damage.
The orc priest hits you but does no damage.
You swing at nothing.
Something hits you.
* * * LOW HITPOINT WARNING * * *
The orc priest hits you with a +0 hand axe.
* * * LOW HITPOINT WARNING * * *
You nearly hit yourself!
You feel less confused. Something hits you.
* * * LOW HITPOINT WARNING * * *
The orc priest mumbles some strange prayers to Beogh against you.
Beogh smites you!
You die...

#............ .##
##..†........
...### #....†......
......###..........
#......##..........
#......##.........
##..<...#)........
#.....o)..........
##.....♣{..........
#......)...........
#.................
#.......#.....#...
........##...#####
.......####.##
......# ## ######


You could see an orc priest.

Vanquished Creatures
  Prince Ribbit (D:5)
  A scorpion (D:4)
  An orc priest (D:4)
  2 orc wizards
  Natasha (thrice) (D:3)
  3 gnolls (D:2)
  3 adders
  A worm (D:4)
  4 dart slugs
  7 orcs
  3 endoplasms
  A giant cockroach (D:3)
  3 hobgoblins
  3 quokkas
  A ball python (D:3)
  5 bats
  A frilled lizard (D:2)
  4 goblins
  2 kobolds (D:4)
  2 rats
  A spectral kobold (D:1)
52 creatures vanquished.

Vanquished Creatures (others)
  2 orcs (D:5)
2 creatures vanquished.

Grand Total: 54 creatures vanquished

Notes
Turn   | Place    | Note
-------+----------+-------------------------------------------
     0 | D:1      | BigPumpCobain the Troll Shapeshifter began the quest for
                  | the Orb.
     0 | D:1      | Reached XP level 1. HP: 18/18 MP: 0/0
    17 | D:1      | Reached skill level 1 in Fighting
   165 | D:1      | Found a faded altar of an unknown god.
   291 | D:1      | Reached XP level 2. HP: 27/27 MP: 1/1
  1074 | D:2      | Reached XP level 3. HP: 19/35 MP: 2/2
  1423 | D:3      | Found a glowing golden altar of the Shining One.
  1423 | D:3      | Noticed Natasha
  1428 | D:3      | Killed Natasha
  1429 | D:3      | Reached skill level 4 in Unarmed Combat
  1429 | D:3      | Reached XP level 4. HP: 42/42 MP: 3/3
  1497 | D:3      | Noticed Natasha
  1501 | D:3      | Killed Natasha
  1629 | D:3      | Noticed Natasha
  1636 | D:3      | Killed Natasha
  1901 | D:4      | Reached XP level 5. HP: 29/52 MP: 4/4
  2004 | D:4      | Found an ancient bone altar of Kikubaaqudgha.
  2010 | D:4      | Found a blossoming altar of Fedhas.
  2145 | D:4      | Reached skill level 5 in Unarmed Combat
  2598 | D:4      | Reached XP level 6. HP: 59/61 MP: 5/5
  2837 | D:5      | Entered Level 5 of the Dungeon
  2854 | D:5      | Noticed Prince Ribbit
  2867 | D:5      | Killed Prince Ribbit
  2900 | D:5      | Reached skill level 6 in Unarmed Combat
  2922 | D:5      | Killed from afar by an orc priest

Illustrated notes

Levels and vault maps discovered:
D:1:      dpeg_arrival_rooms_b, layout_rooms,
          dreamdust_ecumenical_altar_drowned_temple, hex_medium,
          minmay_misc_feat_nine_boxes, hangedman_decor_peaks_small
D:2:      layout_loops_ring, kennysheep_minor_cross
D:3:      layout_rooms, mainiacjoe_overflow_24_doors, solitary_fountain,
          uniq_natasha
D:4:      layout_basic, grunt_temple_overflow_growth_and_decay,
          nicolae_ossuary_entry_false_entrances
D:5:      layout_cave_pods, mainiacjoe_overflow_small_starburst,
          gammafunk_ghost_smash, uniq_prince_ribbit1

Skill      XL: |  1  2  3  4  5  6 |
---------------+-------------------+-----
Fighting       | 1 2 3 4 |  4.2
Unarmed Combat | 4 5 6 |  6.0
Dodging        | |  1.5
Shapeshifting  | |  3.0

Action                     |  1- 3 |  4- 6 || total
---------------------------+-------+-------++-------
  Melee: Unarmed           |    49 |    86 ||   135
         Punch             |       |     2 ||     2
    Use: Potion            |       |     1 ||     1
   Stab: Sleeping          |     1 |       ||     1
 Armour: Animal skin       |    27 |    64 ||    91
         Skin              |       |     8 ||     8
  Dodge: Dodged            |    16 |    30 ||    46

Table legend: (Time is in decaauts)
 A = Elapsed time spent in this place.
 B = Non-inter-level travel time spent in this place.
 C = Inter-level travel time spent in this place.
 D = Time resting spent in this place.
 E = Time spent auto-exploring this place.
 F = Levels seen in this place.
 G = Mean time per level.
                   A        B        C        D        E       F      G
               +--------+--------+--------+--------+--------+-----+--------+
         Total |   2910 |   2742 |    168 |      0 |   2416 |   5 |  582.0 |
       Dungeon |   2910 |   2742 |    168 |      0 |   2416 |   5 |  582.0 |
               +--------+--------+--------+--------+--------+-----+--------+

Top non-repeatable levels by time:
     D:4: 1037 daAuts
     D:2: 765 daAuts
     D:1: 589 daAuts
     D:3: 435 daAuts
     D:5: 82 daAuts
